 Dungeon Crawl Stone Soup version 0.19-a0-624-g96853e7 (webtiles) character file.

424 Magifyre the Conjurer (level 6, -7/32 HPs)
             Began as a Deep Elf Fire Elementalist on June 13, 2016.
             Killed by divine providence
             ... invoked by an orc priest
              (14 damage)
             ... on level 5 of the Dungeon.
             The game lasted 00:36:06 (5458 turns).

Magifyre the Conjurer (Deep Elf Fire Elementalist)  Turns: 5458, Time: 00:36:06

Health: -7/32      AC:  6    Str:  5    XL:     6   Next: 64%
Magic:  3/13       EV: 13    Int: 22    God:
Gold:   220        SH:  0    Dex: 15    Spells: 4 memorised, 2 levels left

rFire  . . .     SeeInvis .     t - staff of death
rCold  . . .     Gourm    .     a - +0 robe
rNeg   + . .     Faith    .     (no shield)
rPois  .         Spirit   .     (no helmet)
rElec  .         Dismiss  .     (no cloak)
rCorr  .         Reflect  .     u - +2 pair of gloves
SustAt .         Harm     .     l - +0 pair of boots
MR     .....                    (no amulet)
Stlth  ++........               (no ring)
                                (no ring)

@: not resistant to hostile enchantments, unstealthy
A: no striking features
a: no special abilities


You were on level 5 of the Dungeon.
You were hungry.

You visited 1 branch of the dungeon, and saw 5 of its levels.

You collected 220 gold pieces.

Inventory:

Hand Weapons
 g - a +0 spear
Armour
 a - a +0 robe (worn)
 l - a +0 pair of boots (worn)
 u - a +2 pair of gloves (worn)
Magical Staves
 t - an uncursed staff of death (weapon)
Scrolls
 e - 3 scrolls of noise {unknown}
 f - a scroll of random uselessness {unknown}
 j - 8 scrolls of identify {unknown}
 q - a scroll of teleportation {unknown}
 r - a scroll of immolation {unknown}
 s - a scroll of blinking {unknown}
 v - a scroll of amnesia {unknown}
 y - a scroll of enchant weapon {unknown}
Potions
 d - a potion of invisibility {unknown}
 h - 5 potions of flight {unknown}
 i - 3 potions of degeneration {unknown}
 k - a potion of resistance {unknown}
 m - 3 potions of curing {unknown}
 o - 3 potions of agility {unknown}
 p - a potion of magic {unknown}
 w - 2 potions of brilliance {unknown}
 x - 3 potions of heal wounds {unknown}
 B - 2 potions of might {unknown}
 C - a potion of lignification {unknown}
Books
 b - a book of Flames

   Spells                             Type                      Level
   a - Flame Tongue                   Conjuration/Fire             1
   b - Throw Flame                    Conjuration/Fire             2
   c - Conjure Flame                  Conjuration/Fire             3
   d - Inner Flame                    Hexes/Fire                   3
   e - Sticky Flame                   Conjuration/Fire             4
   f - Fireball                       Conjuration/Fire             5
 A - a book of Debilitation

   Spells                             Type                      Level
   a - Corona                         Hexes                        1
   b - Slow                           Hexes                        2
   c - Gell's Gravitas                Hexes/Translocation          3
   d - Inner Flame                    Hexes/Fire                   3
   e - Cause Fear                     Hexes                        4
   f - Leda's Liquefaction            Hexes/Earth                  4
Comestibles
 c - 8 bread rations
 n - a beef jerky
 z - 3 chunks of flesh


   Skills:
 - Level 2.4 Dodging
 - Level 2.4 Stealth
 + Level 3.7 Spellcasting
 - Level 7.1 Conjurations
 + Level 3.8 Fire Magic


You had 2 spell levels left.
You knew the following spells:

 Your Spells              Type           Power        Failure   Level  Hunger
a - Flame Tongue          Conj/Fire      ####.        1%          1    None
b - Throw Flame           Conj/Fire      ####..       1%          2    #......
c - Conjure Flame         Conj/Fire      ####....     4%          3    ###....
d - Sticky Flame          Conj/Fire      ####....     14%         4    ####...


Dungeon Overview and Level Annotations

Branches:
Dungeon (5/15)
 Temple: D:4-7

Altars:
Ashenzari
Dithmenos


Message History

You feel your dexterity returning.
Unknown command.
Some of the chunks of flesh in your inventory have rotted away.
A giant newt and an orc priest come into view.
The giant newt moves out of view.
An orc comes into view. It is wielding a club.
You hit the orc priest but do no damage.
The sentinel's mark upon you fades away.
The orc priest looks braver for a moment.
An orc comes into view. It is wielding a dagger of pain.
The orc priest invokes the aid of Beogh against you.
Pain shoots through your body!
The orc priest mumbles some strange prayers to Beogh against you.
Beogh smites you!
* * * LOW HITPOINT WARNING * * *
An orc comes into view. It is wielding a hand axe.
An orc comes into view. It is wielding a trident.
The orc priest invokes the aid of Beogh against you.
Beogh smites you!
You die...

##### ##...##
##.....## #.......#
#.......#
#.......####### ####
##......l...o.#####...
#...<@oo#####....o.o..
#.....l.# ######ol..
#.......# #.....
##.....o# #....#...
##...#.o.. ...####...
####o..## ## #... .#.#
#... ##.# .....
.......


You could see an orc priest, 5 orcs, a giant gecko and a giant newt.

Vanquished Creatures
  A phantom (D:5)
  A quasit (D:4)
  An orc priest (D:4)
  A gnoll shaman (D:4)
  3 orc wizards (D:4)
  5 gnolls
  4 worms
  3 dart slugs
  2 giant geckos
  12 orcs
  10 bats
  7 giant cockroaches
  9 goblins
  7 hobgoblins
  2 quokkas
  4 ball pythons
  2 giant newts
  5 kobolds
  12 rats
91 creatures vanquished.

Notes
Turn   | Place    | Note
--------------------------------------------------------------
     0 | D:1      | Magifyre the Deep Elf Fire Elementalist began the quest for the Orb.
     0 | D:1      | Reached XP level 1. HP: 10/10 MP: 6/6
   153 | D:1      | Reached skill level 2 in Conjurations
   153 | D:1      | Reached XP level 2. HP: 11/15 MP: 0/8
   388 | D:1      | Learned a level 2 spell: Throw Flame
   647 | D:1      | Reached skill level 3 in Conjurations
   828 | D:1      | Reached XP level 3. HP: 19/19 MP: 1/9
  1266 | D:1      | Reached skill level 4 in Conjurations
  1930 | D:2      | Reached XP level 4. HP: 24/24 MP: 7/10
  2377 | D:2      | Learned a level 3 spell: Conjure Flame
  3623 | D:4      | Reached skill level 5 in Conjurations
  3999 | D:4      | Found a shadowy altar of Dithmenos.
  4241 | D:4      | Reached XP level 5. HP: 28/28 MP: 6/11
  4425 | D:4      | Reached skill level 6 in Conjurations
  4926 | D:4      | Reached XP level 6. HP: 32/32 MP: 7/12
  5034 | D:4      | Learned a level 4 spell: Sticky Flame
  5086 | D:4      | Found a shattered altar of Ashenzari.
  5235 | D:4      | Reached skill level 7 in Conjurations
  5397 | D:5      | Entered Level 5 of the Dungeon
  5458 | D:5      | Killed from afar by an orc priest

Vault maps used:
D:1:      mainiacjoe_arrival_reflecting_pool
D:3:      first_bread
D:4:      ashenzari_altar_1, nicolae_dithmenos_shadow_blocks
D:5:      temple_statues, grunt_ministairs_4

Skill      XL: |  1  2  3  4  5  6 |
---------------+-------------------+-----
Conjurations   | 2 3 4 5 6 7 |  7.1
Dodging        | |  2.4
Stealth        | |  2.4
Spellcasting   | |  3.7
Fire Magic     | |  3.8

Action                   |  1- 3 |  4- 6 || total
-------------------------+-------+-------++-------
Melee: Spear             |     5 |       ||     5
       Staff             |       |    16 ||    16
 Cast: Flame Tongue      |    29 |    82 ||   111
       Throw Flame       |    38 |    59 ||    97
       Conjure Flame     |       |     1 ||     1
  Eat: Chunk             |     4 |    13 ||    17
Armor: Robe              |    13 |    35 ||    48
Dodge: Dodged            |    18 |    69 ||    87
